 Dungeon Crawl Stone Soup version 0.30-a0-939-gc8157cb160 (webtiles) character file.

Game seed: 17970391380436355430

30715 Bnni the Geomancer (level 13, -1/105 HPs)
             Began as a Formicid Earth Elementalist on Mar 25, 2023.
             Was a High Priest of Cheibriados.
             Slain by a manticore (11 damage)
             ... summoned by Kirke
             ... on level 13 of the Dungeon.
             The game lasted 00:44:14 (15210 turns).

Bnni the Geomancer (Formicid Earth Elementalist)   Turns: 15210, Time: 00:44:15

Health: -1/105     AC:  0    Str: 25    XL:     13   Next: 90%
Magic:  2/22       EV: 15    Int: 34    God:    Cheibriados [*****.]
Gold:   998        SH:  5    Dex: 27    Spells: 5/20 levels left

rFire   . . .      SeeInvis .    z - melded +9 spear "Hydrabane" {freeze, *Noise rPois Int+4}
rCold   . . .      Faith    .    E - melded +0 kite shield
rNeg    . . .      Spirit   .    a - melded +3 plate armour {rPois}
rPois   .          Reflect  +    (helmet unavailable)
rElec   .          Rampage  .    p - melded +1 cloak
rCorr   .                        e - melded +1 pair of gloves
Will    +....                    P - melded +0 pair of boots
Stlth   +++                      y - amulet of reflection
HPRegen 0.37/turn                u - melded ring of magical power
MPRegen 0.18/turn                m - melded ring of magical power

@: mighty, pig-form, attractive, very slow
A: fast, no casting, permanent stasis, dig shafts and tunnels, small, (antennae
3), four strong arms
a: Renounce Religion, Bend Time, Temporal Distortion, Slouch, Step From Time


You were on level 13 of the Dungeon.
You worshipped Cheibriados.
Cheibriados was extremely pleased with you.
You were a filthy swine.
You visited 2 branches of the dungeon, and saw 14 of its levels.
You also visited: Bailey and Gauntlet.

You collected 1178 gold pieces.
You spent 180 gold pieces at shops.

Inventory:

Hand Weapons
 z - the +9 spear "Hydrabane" (melded) {freeze, *Noise rPois Int+4}
   (You took it off an orc wizard on level 10 of the Dungeon)

   Int:       It affects your intelligence (+4).
   rPois:     It protects you from poison.
   *Noise:    It may make noises in combat.
 Y - a +3 scimitar of flaming
Missiles
 A - 22 poisoned darts
 J - 2 curare-tipped darts
Armour
 a - a +3 plate armour of poison resistance (melded)
 e - a +1 pair of gloves (melded)
 p - a +1 cloak (melded)
 E - a +0 kite shield (melded)
 P - a +0 pair of boots (melded)
Jewellery
 f - a ring of wizardry
 m - a ring of magical power (melded)
 t - a ring of protection from fire
 u - a ring of magical power (melded)
 w - a ring of protection from cold
 y - an amulet of reflection (around neck)
Wands
 h - a wand of polymorph (26)
 v - a wand of charming (26)
 H - a wand of digging (6)
 M - a wand of flame (1)
 S - a wand of mindburst (9)
 U - a wand of iceblast (3)
Scrolls
 d - 2 scrolls of poison {unknown}
 i - 4 scrolls of blinking
 j - 5 scrolls of summoning {unknown}
 k - 5 scrolls of enchant weapon
 q - 2 scrolls of magic mapping
 s - 5 scrolls of teleportation {unknown}
 x - 2 scrolls of fog
 C - a scroll of vulnerability {unknown}
 D - a scroll of acquirement {unknown}
 L - 2 scrolls of enchant armour
 N - a scroll of amnesia {unknown}
 O - a scroll of noise {unknown}
 Q - 2 scrolls of immolation {unknown}
Potions
 b - 4 potions of magic
 c - 4 potions of mutation
 g - 3 potions of resistance
 l - 2 potions of attraction
 n - 8 potions of flight
 o - 3 potions of ambrosia
 r - a potion of might
 B - 7 potions of curing
 I - 2 potions of degeneration {unknown}
 K - a potion of brilliance {unknown}
 W - a potion of lignification {unknown}
 X - a potion of cancellation {unknown}
Miscellaneous
 R - a phial of floods (inert)


   Skills:
 + Level 10.9 Fighting
 + Level 9.9 Armour
 - Level 1.7 Dodging
 - Level 2.4 Stealth
 + Level 11.6 Shields
 - Level 4.0 Spellcasting
 - Level 3.0 Conjurations
 - Level 3.0 Transmutations
 - Level 14.0 Earth Magic
 * Level 12.1 Invocations


You had 5 spell levels left.
You knew the following spells:

 Your Spells              Type           Power      Damage    Failure   Level
a - Sandblast             Erth           100%       2d20      0%          1
b - Passwall              Tmut/Erth      49%        N/A       1%          2
c - Stone Arrow           Conj/Erth      100%       3d13      1%          3
d - Petrify               Tmut/Erth      59%        N/A       1%          4
e - Lee's Rapid Deconstr  Erth           40%        3d20*     1%          5

Your spell library contained the following spells:

 Spells                   Type           Power      Damage    Failure   Level
 Cigotuvi's Dreadful Rot  Necr/Pois/Air  12%        N/A       8%          2
 Lesser Beckoning         Tloc           12%        N/A       8%          2
 Poisonous Vapours        Pois/Air       12%        N/A       8%          2
 Scorch                   Fire           12%        2d5       8%          2
 Dazzling Flash           Conj/Hex       34%        N/A       8%          3
 Hailstorm                Conj/Ice       17%        3d6       8%          3
 Mephitic Cloud           Conj/Pois/Air  13%        N/A       10%         3
 Gell's Gravitas          Tloc           6%         N/A       14%         3
 Kindle Blastsparks       Fire/Tloc/Air  12%        2d11      14%         3
 Teleport Other           Tloc           6%         N/A       14%         3
 Flame Wave               Conj/Fire      17%        2d7       26%         4
 Fulminant Prism          Conj/Hex       8%         3d7       26%         4
 Ice Form                 Ice/Tmut       17%        N/A       26%         4
 Iskenderun's Mystic Bla  Conj/Tloc      17%        2d5       26%         4
 Summon Lightning Spire   Summ/Air       6%         N/A       43%         4
 Freezing Cloud           Conj/Ice/Air   6%         6-21      65%         5
 Agony                    Necr           6%         N/A       80%         5
 Silence                  Hex/Air        3%         N/A       80%         5
 Starburst                Conj/Fire      8%         6d4       99%         6
 Simulacrum               Ice/Necr       3%         N/A       100%        6
 Summon Cactus Giant      Summ           3%         N/A       100%        6
 Malign Gateway           Summ/Tloc      3%         N/A       100%        7
 Storm Form               Tmut/Air       8%         N/A       100%        7
 Maxwell's Capacitive Co  Air            3%         ∞         100%        8
 Summon Horrible Things   Summ           3%         N/A       100%        8
 Polar Vortex             Ice            3%         N/A       100%        9


Dungeon Overview and Level Annotations

Branches:
Dungeon (13/15)            Temple (1/1) D:5            Lair (0/5) D:8
    Orc (0/2) D:12         Bailey (visited)         Gauntlet (visited)
 Vaults: D:13-14

Altars:
Ashenzari
Cheibriados
Fedhas
Gozag
Hepliaklqana
Kikubaaqudgha
Makhleb
Nemelex Xobeh
Okawaru
Qazlal
Ru
Trog
Uskayaw
Vehumet
Wu Jian
Xom
Yredelemnul
Zin
The Shining One

Shops:
D:12 ?*

Portals:
Trove: D:10 (give 11 potions of heal wounds)

Annotations:
D:13 Kirke


Innate Abilities, Weirdness & Mutations

You are a filthy swine.
You move quickly.
Your equipment is almost entirely melded.
You are incapable of wielding weapons or throwing items.
You cannot cast spells.
You cannot be hasted, slowed, berserked, paralysed or teleported.
You can dig through walls and to a lower floor.
((You have a pair of large antennae on your head. (SInv)))
Your four strong arms can wield two-handed weapons with a shield.


Message History

The manticore claws you.
* * * LOW HITPOINT WARNING * * *
The flow of time bends around you.
Cheibriados rebukes the manticore.
The manticore seems to slow down.
Cheibriados rebukes Kirke.
Kirke seems to slow down.
Kirke casts a spell.
Kirke flickers and vanishes!
Okay, then.
You feel better. The manticore closely misses you. The manticore claws you!
* * * LOW HITPOINT WARNING * * *
You block the manticore's attack.
You feel better.
You hear some strange, mumbled words.
You feel a momentary urge to oink. The manticore barely misses you.
The manticore claws you. The manticore claws you!
* * * LOW HITPOINT WARNING * * *
The hog squeals angrily.
You feel better. Something barely misses you.
You feel better.
The manticore is no longer moving slowly.
The manticore bites you!
* * * LOW HITPOINT WARNING * * *
The manticore closely misses you. x2
It was a potion of attraction.
You feel attractive to monsters. The manticore bites you.
* * * LOW HITPOINT WARNING * * *
The manticore claws you.
* * * LOW HITPOINT WARNING * * *
You block the manticore's attack. Something hits you.
* * * LOW HITPOINT WARNING * * *
The hog is attracted toward you.
It was a potion of might.
You feel very mighty all of a sudden. The manticore misses you.
The manticore claws you.
* * * LOW HITPOINT WARNING * * *
The manticore claws you!
You die...

,,,,#.###..###.#######'##*,,,,,,,
,,***,**######.######..#,,,,*****
,,*,,,*,,,,,#.§).......#,,,,*
,>*,,,*,,,,,#..))......#,,,,*
,,*,,,*,,,,,#.......h..#,,,,*
,,*,,,*,,,,,+..........#,,,,*
,,+,,,*,,,,,#..hh......#,,,,*
,,*,,***,,**####{#######,,,,*
***,,***,,*****#h#*,,,,,,,***
*,,,,*,,,,,#....H.#,,,,,,,*
+,,,,*,,,,,#......#,,,,,,,*
*,,,,*,,,,,#......#,,,,,,,*
***********########,,,,,,,* *
*********


You could see a manticore (summoned) and 2 hogs.

Vanquished Creatures
  A minotaur (Gauntlet)
  A fire dragon (D:10)
  A rakshasa (D:10)
  A vault guard (D:10)
  Erolcha (D:9)
  2 hydras (D:10)
  A two-headed ogre (shapeshifter) (D:10)
  2 centaur warriors
  5 two-headed ogres
  A deep elf knight (D:10)
  4 skeletal warriors (D:13)
  A death drake (Gauntlet)
  A sixfirhy (Gauntlet)
  A deep troll (D:10)
  3 orc knights (D:10)
  An ugly thing (D:11)
  A deep elf pyromancer (D:13)
  3 cyclopes
  2 spectral centaurs (Gauntlet)
  A centaur zombie (Gauntlet)
  A gargoyle (D:10)
  An efreet (Gauntlet)
  2 unseen horrors
  A spectral redback (Gauntlet)
  2 komodo dragons (D:10)
  A kobold demonologist (D:7)
  A tengu conjurer (D:10)
  A yaktaur (D:10)
  3 trolls
  Prince Ribbit (D:7)
  4 wraiths
  A vampire (D:11)
  4 yaks
  5 hogs (D:13)
  A wyvern (D:10)
  A fire elemental (Gauntlet)
  A vampire mosquito (D:10)
  3 steam dragons
  Menkaure (D:5)
  2 acid dragons (D:11)
  A hell hound (Gauntlet)
  2 water moccasins (D:7)
  Duvessa (D:4)
  3 sky beasts
  An ice beast (shapeshifter) (D:13)
  14 orc warriors
  A black bear (D:6)
  2 ogres
  11 centaurs
  3 phantoms
  A kobold brigand (D:8)
  2 bullfrogs
  6 scorpions
  4 gnoll sergeants
  12 wights (D:8)
  Dowan (D:4)
  A killer bee (D:8)
  3 howler monkeys
  3 electric eels (D:12)
  A jelly (D:5)
  5 hounds
  10 orc priests
  A sleepcap (D:5)
  2 iguanas (D:6)
  16 orc wizards
  13 gnolls
  5 adders
  A shadow imp (D:7)
  A white imp (D:7)
  2 ufetubi (Gauntlet)
  A dart slug (D:2)
  42 orcs
  5 ball pythons
  7 bats
  3 endoplasms
  2 giant cockroaches
  12 goblins
  9 hobgoblins
  5 quokkas
  3 frilled lizards (D:1)
  29 kobolds
  4 rats
322 creatures vanquished.

Vanquished Creatures (others)
  2 kobold brigands
  A kobold (D:8)
  31 withered plants (Gauntlet)
34 creatures vanquished.

Grand Total: 356 creatures vanquished

Notes
Turn   | Place    | Note
-------+----------+-------------------------------------------
     0 | D:1      | Bnni the Formicid Earth Elementalist began the quest for
                  | the Orb.
     0 | D:1      | Reached XP level 1. HP: 13/13 MP: 3/3
   169 | D:1      | Reached XP level 2. HP: 20/20 MP: 3/5
   299 | D:1      | Reached skill level 4 in Earth Magic
   752 | D:1      | Reached XP level 3. HP: 25/25 MP: 3/6
  1031 | D:2      | Found a broken altar of Ashenzari.
  1146 | D:2      | Reached skill level 1 in Fighting
  1262 | D:2      | Learned a level 2 spell: Passwall
  1698 | D:2      | You fall into a shaft and drop 1 floor!
  1743 | D:3      | Identified the +0 ring mail of the Will of the Gods
                  | {*Corrode Will+ Str+3 Slay+2}
  2196 | D:3      | Found an iron altar of Okawaru.
  2503 | D:3      | Reached XP level 4. HP: 32/32 MP: 8/8
  2971 | D:4      | Learned a level 4 spell: Petrify
  2983 | D:4      | Reached XP level 5. HP: 35/38 MP: 9/9
  2991 | D:4      | Noticed a phantom
  3000 | D:4      | Killed a phantom
  3001 | D:4      | Reached skill level 5 in Earth Magic
  3015 | D:4      | Reached XP level 6. HP: 39/44 MP: 8/10
  3302 | D:4      | Noticed Duvessa
  3304 | D:4      | Noticed Dowan
  3320 | D:4      | Killed Duvessa
  3330 | D:4      | Killed Dowan
  3331 | D:4      | Reached skill level 6 in Earth Magic
  3402 | D:4      | Reached XP level 7. HP: 49/52 MP: 10/12
  3643 | D:4      | Found a stormy altar of Qazlal.
  3643 | D:4      | Noticed a fire elemental
  3645 | D:4      | Noticed a water elemental
  3645 | D:4      | Noticed an air elemental
  3857 | D:4      | Learned a level 5 spell: Lee's Rapid Deconstruction
  3858 | D:5      | Entered Level 5 of the Dungeon
  3927 | D:5      | Reached skill level 7 in Earth Magic
  4021 | D:5      | Found a staircase to the Ecumenical Temple.
  4044 | Temple   | Entered the Ecumenical Temple
  4050 | Temple   | Became a worshipper of Cheibriados the Contemplative
  4093 | D:5      | Noticed Menkaure
  4098 | D:5      | Killed Menkaure
  4203 | D:5      | Reached XP level 8. HP: 50/60 MP: 14/14
  4364 | D:5      | Reached skill level 8 in Earth Magic
  4368 | D:5      | Learned a level 3 spell: Stone Arrow
  4962 | D:6      | Reached skill level 1 in Armour
  4962 | D:6      | Reached skill level 1 in Shields
  5172 | D:6      | Reached skill level 5 in Fighting
  5174 | D:6      | Reached skill level 9 in Earth Magic
  5211 | D:6      | Reached * piety under Cheibriados
  5284 | D:6      | Reached XP level 9. HP: 68/68 MP: 15/15
  5607 | D:6      | Reached skill level 10 in Earth Magic
  5965 | D:7      | Noticed Prince Ribbit
  5967 | D:7      | Killed Prince Ribbit
  6132 | D:7      | Reached skill level 5 in Shields
  6331 | D:7      | Noticed a kobold demonologist
  6334 | D:7      | Killed a kobold demonologist
  6335 | D:7      | Reached skill level 11 in Earth Magic
  6335 | D:7      | Reached XP level 10. HP: 77/77 MP: 16/16
  6829 | D:8      | Reached ** piety under Cheibriados
  6887 | D:8      | Found an ancient bone altar of Kikubaaqudgha.
  6890 | D:8      | Reached skill level 1 in Invocations
  6934 | D:8      | Reached skill level 5 in Armour
  6942 | D:8      | Found a staircase to the Lair.
  7045 | D:8      | Found a flagged portal.
  7054 | Bailey   | Entered a bailey
  7137 | Bailey   | Reached *** piety under Cheibriados
  7488 | Bailey   | Reached skill level 12 in Earth Magic
  7971 | D:8      | Found a hazy altar of Hepliaklqana.
  8059 | D:8      | Found a glowing golden altar of the Shining One.
  8074 | D:8      | Reached **** piety under Cheibriados
  8598 | D:9      | Found a hide-covered altar of Uskayaw.
  8612 | D:9      | Noticed Erolcha
  8660 | D:9      | Reached XP level 11. HP: 62/85 MP: 17/17
  8668 | D:9      | Killed Erolcha
  9138 | D:10     | Entered Level 10 of the Dungeon
  9145 | D:10     | Reached skill level 13 in Earth Magic
  9325 | D:10     | Noticed a vault guard
  9334 | D:10     | Killed a vault guard
  9335 | D:10     | Reached skill level 5 in Invocations
  9451 | D:10     | Found a portal to a secret trove of treasure.
  9561 | D:10     | Noticed a seven-headed hydra
  9561 | D:10     | Noticed a deep troll
  9561 | D:10     | Noticed a fire dragon
  9561 | D:10     | Noticed an orc knight
  9564 | D:10     | You fall into a shaft and drop 2 floors!
  9744 | D:12     | Reached ***** piety under Cheibriados
  9808 | D:12     | Noticed a centaur warrior
  9816 | D:12     | Killed a centaur warrior
  9939 | D:12     | Identified the +0 buckler of Follow the Leader {rF- Int+2
                  | Dex+2}
  9941 | D:12     | Found Lihy's General Store.
 10155 | D:12     | Bought a scroll of magic mapping for 90 gold pieces
 10155 | D:12     | Bought a scroll of enchant armour for 90 gold pieces
 10529 | D:12     | Found a staircase to the Orcish Mines.
 10603 | D:12     | Found Usyef's Magic Scroll Shoppe.
 10868 | D:11     | Noticed a green ugly thing
 10876 | D:11     | Killed a green ugly thing
 10877 | D:11     | Reached XP level 12. HP: 94/94 MP: 18/18
 11193 | D:11     | Noticed a two-headed ogre
 11198 | D:11     | Killed a two-headed ogre
 11199 | D:11     | Reached skill level 14 in Earth Magic
 12203 | D:10     | Reached skill level 1 in Conjurations
 12212 | D:10     | Killed a fire dragon
 12375 | D:10     | Noticed a deep troll
 12380 | D:10     | a deep troll changed into a two-headed ogre
 12380 | D:10     | Noticed a two-headed ogre (shapeshifter)
 12383 | D:10     | Killed a two-headed ogre
 12446 | D:10     | Killed a seven-headed hydra
 12574 | D:10     | HP: 2/95 [deep troll (8)]
 12575 | D:10     | You fall into a shaft and drop 3 floors!
 12848 | D:13     | Found a gate leading to a gauntlet.
 12858 | Gauntlet | Entered a Gauntlet
 12858 | Gauntlet | Noticed a sixfirhy
 12858 | Gauntlet | Found a transporter.
 12858 | Gauntlet | Found a transporter.
 12858 | Gauntlet | Found a transporter.
 12859 | Gauntlet | Found a transporter.
 12862 | Gauntlet | Found a transporter.
 12862 | Gauntlet | Found a transporter.
 12869 | Gauntlet | Noticed a death drake
 12871 | Gauntlet | Noticed a ghost crab
 12876 | Gauntlet | Found a transporter.
 12876 | Gauntlet | Found a transporter.
 12886 | Gauntlet | Found a transporter.
 12987 | Gauntlet | Found a transporter.
 12991 | Gauntlet | Found a transporter.
 12996 | Gauntlet | Noticed a death yak
 12999 | Gauntlet | Noticed a death yak
 12999 | Gauntlet | Noticed a death yak
 12999 | Gauntlet | Noticed a death yak
 13000 | Gauntlet | Noticed a death yak
 13001 | Gauntlet | Found a transporter.
 13076 | Gauntlet | Killed a sixfirhy
 13119 | Gauntlet | Killed a death drake
 13137 | Gauntlet | Identified the +0 hat of Brilliance {Dex+3}
 13298 | Gauntlet | Identified the ring "Duwn" {+Blink Will+}
 13398 | Gauntlet | Noticed a minotaur
 13408 | Gauntlet | Killed a minotaur
 13409 | Gauntlet | Reached skill level 10 in Shields
 13859 | D:10     | Killed a deep troll
 13860 | D:10     | Reached XP level 13. HP: 103/103 MP: 20/20
 13962 | D:10     | Identified the +9 spear "Hydrabane" {freeze, *Noise rPois
                  | Int+4}
 13964 | D:10     | Noticed a centaur warrior
 13978 | D:10     | Reached skill level 10 in Fighting
 13979 | D:10     | Killed a centaur warrior
 13980 | D:10     | Reached skill level 10 in Invocations
 14330 | D:10     | Noticed a rakshasa
 14333 | D:10     | Noticed a six-headed hydra
 14349 | D:10     | Killed a rakshasa
 14596 | D:10     | Identified the +3 flail of Abizxaos {speed, rF- rC++ rCorr}
 14670 | D:10     | Killed a six-headed hydra
 14751 | D:10     | Reached ****** piety under Cheibriados
 15063 | D:13     | Noticed Kirke
 15069 | D:13     | Noticed a sphinx
 15210 | D:13     | Slain by a manticore

Illustrated notes

Levels and vault maps discovered:
D:1:      dpeg_arrival_simpleton_b, layout_basic
D:2:      layout_loops_ring, basic_altar
D:3:      wad_crossroads, layout_basic, mainiacjoe_overflow_small_starburst
D:4:      layout_loops_ring, nicolae_qazlal_style_of_elements, uniq_duvessa
D:5:      layout_gridville, temple_pool_b, uniq_menkaure
D:6:      layout_layer_cave
D:7:      layout_loops_corners, uniq_prince_ribbit1
D:8:      layout_loops_ring, nzn_hepliaklqana_mist_gate,
          nicolae_overflow_hidden_temple, marbit_many_paths, lair_entry_dummy,
          enter_bailey_3
D:9:      layout_cave_pools, lemuel_tele_altar, patterned_corridor, uniq_erolcha
D:10:     layout_irregular_city, enter_trove_5, ebering_dispersal_statue_hall,
          nicolae_rejected_hall
D:11:     layout_stronghold
D:12:     layout_loops_ring, erik_orc_2, serial_shops, nicolae_shop_waterfront,
          shop
D:13:     layout_gridville, erik_vaults_2, gauntlet_entry_generic,
          nicolae_sif_muna_little_library, uniq_kirke
Temple:   nicolae_temple_x_marks_the_god

Skill      XL: |  1  2  3  4  5  6  7  8  9 10 11 12 13 |
---------------+----------------------------------------+-----
Earth Magic    | 4 5 6 7 9 11 12 13 14 | 14.0
Fighting       | 1 2 3 4 5 6 7 8 9 10 | 10.9
Transmutations | 2 3 |  3.0
Spellcasting   | 3 4 |  4.0
Armour         | 2 4 5 7 8 9 |  9.9
Shields        | 3 5 7 8 10 11 | 11.6
Invocations    | 3 6 9 12 | 12.1
Conjurations   | 3 |  3.0
Dodging        | |  1.7
Stealth        | |  2.4

Action                     |  1- 3 |  4- 6 |  7- 9 | 10-12 | 13-15 || total
---------------------------+-------+-------+-------+-------+-------++-------
  Melee: Dagger            |     2 |       |     3 |    44 |       ||    49
         Spear             |    36 |    18 |       |       |     1 ||    55
         Punch             |       |       |     1 |       |       ||     1
         Unarmed           |       |       |       |       |    13 ||    13
  Throw: Dart              |       |       |       |     2 |     1 ||     3
         Throwing net      |       |       |       |       |     1 ||     1
   Cast: Sandblast         |    41 |    47 |   117 |   406 |    92 ||   703
         Petrify           |       |     2 |     1 |     2 |     2 ||     7
         Lee's Rapid Decon |       |       |     2 |     2 |    10 ||    14
         Passwall          |       |       |       |     8 |       ||     8
         Stone Arrow       |       |       |       |     9 |     3 ||    12
 Invoke: Bend Time         |       |       |       |     1 |     1 ||     2
         Slouch            |       |       |       |     1 |     1 ||     2
         Step From Time    |       |       |       |       |     1 ||     1
Ability: Shaft Self        |       |       |       |     2 |       ||     2
  Evoke: Wand              |       |       |       |     1 |     6 ||     7
         Phial of floods   |       |       |       |       |     1 ||     1
    Use: Scroll            |       |     4 |       |     5 |     1 ||    10
         Potion            |       |       |       |     2 |    12 ||    14
   Stab: Sleeping          |     5 |       |       |     1 |       ||     6
         Petrified         |       |       |       |     4 |       ||     4
 Armour: Robe              |     5 |    11 |     4 |       |       ||    20
         Ring mail         |       |       |    15 |    11 |       ||    26
         Plate armour      |       |       |       |   220 |    36 ||   256
         Chain mail        |       |       |       |     3 |       ||     3
  Dodge: Dodged            |    29 |    23 |    25 |   118 |    33 ||   228
  Block: Other             |       |     4 |     3 |       |     4 ||    11
         Kite shield       |       |       |    26 |   371 |    97 ||   494
         Reflection        |       |       |       |    23 |     5 ||    28

Table legend: (Time is in decaauts)
 A = Elapsed time spent in this place.
 B = Non-inter-level travel time spent in this place.
 C = Inter-level travel time spent in this place.
 D = Time resting spent in this place.
 E = Time spent auto-exploring this place.
 F = Levels seen in this place.
 G = Mean time per level.
                   A        B        C        D        E       F      G
               +--------+--------+--------+--------+--------+-----+--------+
         Total |  20251 |  19019 |   1232 |   2143 |  13203 |  16 | 1265.7 |
       Dungeon |  18171 |  16945 |   1226 |   1691 |  12485 |  13 | 1397.8 |
        Temple |     14 |      8 |      6 |      0 |      0 |   1 |   14.0 |
        Bailey |    864 |    864 |      0 |    143 |    254 |   1 |  864.0 |
      Gauntlet |   1201 |   1201 |      0 |    309 |    464 |   1 | 1201.0 |
               +--------+--------+--------+--------+--------+-----+--------+

Top non-repeatable levels by time:
    D:10: 2757 daAuts
    D:11: 2283 daAuts
    D:12: 1946 daAuts
     D:8: 1590 daAuts
     D:6: 1369 daAuts
     D:5: 1273 daAuts
Gauntlet: 1201 daAuts
     D:7: 1197 daAuts
     D:3: 1173 daAuts
     D:1: 1039 daAuts
     D:9: 960 daAuts
     D:4: 936 daAuts
    D:13: 884 daAuts
  Bailey: 864 daAuts
     D:2: 759 daAuts
